 Dungeon Sprint DCSS version 0.21-a0-243-g597973d (webtiles) character file.

430 terra52 the Carver (level 6, -3/57 HPs)
             Began as a Ghoul Gladiator on Sept 4, 2017.
             Was an Initiate of Wu Jian.
             Slain by a slime creature (14 damage)
             ... in the Dungeon (Sprint I: "Red Sonja").
             The game lasted 00:01:58 (280 turns).

terra52 the Carver (Ghoul Gladiator)                 Turns: 280, Time: 00:01:59

Health: -3/57      AC:  9    Str: 20    XL:     6   Next: 99%
Magic:  5/5        EV: 10    Int:  3    God:    Wu Jian [......]
Gold:   34         SH:  0    Dex: 10    Spells: 5/5 levels left

rFire    . . .     SeeInvis .   a - +0 long sword
rCold    + . .     Gourm    .   (no shield)
rNeg     + + +     Faith    .   l - +0 chain mail
rPois    ∞         Spirit   .   c - +0 helmet
rElec    .         Reflect  .   (no cloak)
rCorr    .         Harm     .   (no gloves)
MR       .....     NoTele   +   (no boots)
Stlth    ..........             (no amulet)
HPRegen  0.00/turn              (no ring)
MPRegen  0.09/turn              (no ring)

@: rotting
A: rotting body, claws 1, carnivore 3, cold resistance 1, negative energy
resistance 3, inhibited regeneration, torment resistance, unbreathing
a: Renounce Religion


You were in the Dungeon.
You worshipped Wu Jian.
Wu Jian was noncommittal.
You were not hungry.

You visited 1 branch You collected 34 gold pieces.

Inventory:

Hand Weapons
 a - a +0 long sword (weapon)
Missiles
 d - a throwing net (quivered)
Armour
 b - a +0 leather armour
 c - a +0 helmet (worn)
 l - a +0 chain mail (worn)
Scrolls
 k - a scroll of blinking
Potions
 h - a potion of haste
 i - 2 potions of magic
 j - a potion of berserk rage
Comestibles
 f - a meat ration


   Skills:
 + Level 5.9 Fighting
 + Level 9.4 Long Blades
 + Level 4.4 Throwing
 + Level 2.2 Armour
 + Level 7.4 Dodging


You had 5 spell levels left.
You didn't know any spells.

Dungeon Overview and Level Annotations

Branches:
Dungeon (1/1)

Altars:
Cheibriados
Dithmenos
Elyvilon
Fedhas
Gozag
Hepliaklqana
Kikubaaqudgha
Makhleb
Nemelex Xobeh
Okawaru
Qazlal
Ru
Sif Muna
Trog
Uskayaw
Vehumet
Wu Jian
Xom
Yredelemnul
Zin
The Shining One
Jiyva
Lugonu

Shops:
D [


Innate Abilities, Weirdness & Mutations

Your body is rotting away.
You thrive on raw meat.
You are immune to poison.
You have sharp fingernails.
You are carnivorous and can eat meat at any time.
Your flesh is cold resistant. (rC+)
You are immune to negative energy. (rN+++)
You do not regenerate when monsters are visible.
You are immune to unholy pain and torment.
You can survive without breathing.


Message History

The slime creature is severely wounded.
The slime creature hits you!
You hit the slime creature but do no damage.
The slime creature is severely wounded.
The slime creature hits you but does no damage.
You slash the slime creature!
The slime creature is severely wounded.
The slime creature jiggles.
The slime creature closely misses you.
You slash the slime creature!
The slime creature is almost dead.
The slime creature completely misses you.
You hit the slime creature but do no damage.
The slime creature is almost dead.
The slime creature hits you!
* * * LOW HITPOINT WARNING * * *
You hit the slime creature.
The slime creature is almost dead.
The slime creature hits you!
You die...

################ ##
#<.#.)').#..'$$#__#
#..').#..'..#$@J..+
#..#####+#####'#__#
#..### #$$$#(# ##
#..#__####$$##.#
#..#_____##'#_.+
#⌠⌠#_.∩...'..._#
####_..__##_.#+#
#_____###+# #######


You could see a slime creature.

Vanquished Creatures
  Sigmund (D)
  A yak (D)
  An ogre (D)
  A jelly (D)
  Ijyb (D)
5 creatures vanquished.

Notes
Turn   | Place    | Note
-------+----------+-------------------------------------------
     0 | D        | terra52 the Ghoul Gladiator began the quest for the Orb.
     0 | D        | Reached XP level 1. HP: 17/17 MP: 0/0
     2 | D        | Noticed Ijyb
    25 | D        | Killed Ijyb
    25 | D        | Reached skill level 4 in Long Blades
    25 | D        | Reached XP level 2. HP: 16/26 MP: 1/1
    25 | D        | Reached XP level 3. HP: 20/31 MP: 2/2
   122 | D        | Noticed an ogre
   129 | D        | Killed an ogre
   129 | D        | Reached skill level 6 in Long Blades
   129 | D        | Reached skill level 1 in Armour
   129 | D        | Reached skill level 5 in Dodging
   129 | D        | Reached XP level 4. HP: 39/39 MP: 3/3
   134 | D        | Noticed Sigmund
   179 | D        | Killed Sigmund
   179 | D        | Reached skill level 5 in Fighting
   179 | D        | Reached skill level 8 in Long Blades
   179 | D        | Reached XP level 5. HP: 40/48 MP: 4/4
   179 | D        | Reached XP level 6. HP: 47/56 MP: 5/5
   194 | D        | Found an ornate altar of the Wu Jian Council.
   194 | D        | Found a deep blue altar of Sif Muna.
   196 | D        | Found a radiant altar of Vehumet.
   204 | D        | Became a worshipper of the Wu Jian Council
   207 | D        | Found Cibly's Armour Emporium.
   207 | D        | Found an ancient bone altar of Kikubaaqudgha.
   207 | D        | Found a hazy altar of Hepliaklqana.
   207 | D        | Found a stormy altar of Qazlal.
   207 | D        | Found a hide-covered altar of Uskayaw.
   207 | D        | Found a blossoming altar of Fedhas.
   207 | D        | Found a bloodstained altar of Trog.
   207 | D        | Found an iron altar of Okawaru.
   207 | D        | Found a basalt altar of Yredelemnul.
   207 | D        | Found a glowing golden altar of the Shining One.
   207 | D        | Found a snail-covered altar of Cheibriados.
   207 | D        | Found a sacrificial altar of Ru.
   207 | D        | Found a glowing silver altar of Zin.
   207 | D        | Found a shadowy altar of Dithmenos.
   207 | D        | Found a white marble altar of Elyvilon.
   207 | D        | Noticed a yak
   220 | D        | Killed a yak
   220 | D        | Reached skill level 9 in Long Blades
   221 | D        | Found an opulent altar of Gozag.
   223 | D        | Found a sparkling altar of Nemelex Xobeh.
   264 | D        | Found a burning altar of Makhleb.
   264 | D        | Found a viscous altar of Jiyva.
   264 | D        | Found a shimmering altar of Xom.
   264 | D        | Found a corrupted altar of Lugonu.
   264 | D        | Noticed a slime creature
   280 | D        | Slain by a slime creature

Vault maps used:
D:        dungeon_sprint_1

Skill      XL: |  1  2  3  4  5  6 |
---------------+-------------------+-----
Fighting       | 3 4 5 |  5.9
Long Blades    | 4 6 8 9 |  9.4
Throwing       | 2 3 4 |  4.4
Dodging        | 3 5 6 7 |  7.4
Armour         | 1 2 |  2.2

Action                   |  1- 3 |  4- 6 || total
-------------------------+-------+-------++-------
Melee: Long sword        |    27 |    36 ||    63
Throw: Throwing net      |     1 |     1 ||     2
  Use: Potion            |       |     2 ||     2
  Eat: Chunk             |     1 |     7 ||     8
Armor: Leather armour    |     4 |       ||     4
       Chain mail        |       |     6 ||     6
Dodge: Dodged            |    10 |     7 ||    17
       Rpst.: Long sword |     2 |     1 ||     3

Table legend:
 A = Spawn XP
 B = Non-spawn XP
 C = Spawn XP percentage of total XP
 D = Spawn monster count
 E = Non-spawn monster count
 F = Spawn count percentage of total count
 G = Total turns spent on level
                    A         B        C        D         E        F      G
               +---------+---------+-------+---------+---------+-------+---------
         Total |       0 |     615 |   0.0 |       0 |       5 |   0.0 |   280
               +---------+---------+-------+---------+---------+-------+---------
             D |       0 |     615 |   0.0 |       0 |       5 |   0.0 |   280
               +---------+---------+-------+---------+---------+-------+---------
